AoeStats
← amaaxime

Arabia

507508988Analyzed
1v1 RM · 14d ago on Sep 18, 2026· 83m 48s· 2 players
Game mode
Random Map
Map size
Tiny (2 player)
Population
200
Speed
Normal
Resources
Standard
Victory
Conquest
Starting age
Dark Age
Ending age
Imperial Age
RankedLock teamsTeams togetherTeam positionsShared explorationLock speedFull tech treeHidden civsTurbo modeCheats
Victory
Defeat
🇫🇷 Franks · France
881
+17
🇨🇦 Hindustanis · Canada
894
-17
amaaxime
3:14 Loom
10:12 Feudal Age
11:14 Double-Bit Axe
14:57 Forging
22:00 Castle Age
21:39 Fletching
22:38 Crossbowman
26:21 Iron Casting
25:50 Gold Mining
27:12 Town Watch
27:34 Pikeman
32:17 Wheelbarrow
32:34 Scale Mail Armor
32:30 Bodkin Arrow
34:34 Ballistics
35:44 Town Patrol
36:29 Chain Mail Armor
36:05 Man-at-Arms
36:46 Squires
36:31 Gambesons
38:30 Gold Shaft Mining
37:46 Stone Mining
38:19 Husbandry
38:28 Scale Barding Armor
38:24 Long Swordsman
38:51 Arson
42:38 Imperial Age
40:59 Murder Holes
42:55 Chain Barding Armor
43:39 Conscription
42:49 Cavalier
43:05 Two-Handed Swordsman
45:21 Blast Furnace
45:22 Champion
47:08 Plate Barding Armor
48:44 Hand Cart
49:16 Plate Mail Armor
49:02 Paladin
49:35 Capped Ram
[RZ]TEVOSS
4:17 Loom
9:33 Feudal Age
11:17 Double-Bit Axe
22:06 Horse Collar
25:34 Castle Age
23:30 Gold Mining
23:30 Stone Mining
25:58 Bloodlines
26:01 Scale Barding Armor
27:01 Husbandry
27:47 Bow Saw
30:50 Wheelbarrow
33:18 Hand Cart
32:48 Town Watch
32:47 Pikeman
33:28 Squires
33:13 Arson
33:34 Arson
35:30 Light Cavalry
37:44 Elite Skirmisher
41:49 Imperial Age
39:33 Forging
39:23 Scale Mail Armor
39:27 Padded Archer Armor
39:17 Fletching
39:48 Fortified Wall
39:33 Murder Holes
39:50 Masonry
41:34 Chain Barding Armor
41:49 Iron Casting
41:18 Scale Mail Armor
43:43 Two-Man Saw
42:22 Elite Ghulam
43:44 Conscription
44:19 Shatagni
43:50 Heavy Camel Rider
46:38 Thumb Ring
48:36 Heavy Plow
48:44 Imperial Camel Rider
52:55 Hoardings
55:53 Gold Shaft Mining
55:54 Stone Shaft Mining
55:59 Plate Barding Armor
54:59 Siege Elephant
57:35 Chemistry
56:55 Ballistics
62:05 Coinage
66:14 Banking
78:58 Chain Mail Armor
Connection lost

Rejoining the realm…

Still unreachable

The connection could not be restored.

Session expired

The server has moved on; the page needs a fresh start.